 Dungeon Crawl Stone Soup version 0.21.0-3-g78d12a8 (webtiles) character file.

75 MDvedh the Vexing (level 4, -15/23 HPs)
             Began as a Vine Stalker Arcane Marksman on Jan 8, 2018.
             Demolished by a gnoll
             ... wielding a +0 whip of electrocution
              (19 damage)
             ... on level 2 of the Dungeon.
             The game lasted 00:03:29 (2441 turns).

MDvedh the Vexing (Vine Stalker Arcane Marksman)    Turns: 2441, Time: 00:03:29

Health: -15/23     AC:  9    Str: 19    XL:     4   Next: 31%
Magic:  0/6        EV:  8    Int: 13    God:
Gold:   154        SH:  0    Dex: 15    Spells: 5/5 levels left

rFire    . . .     SeeInvis .     - Unarmed
rCold    . . .     Gourm    .   (no shield)
rNeg     . . .     Faith    .   h - +0 chain mail
rPois    .         Spirit   +   g - +0 helmet
rElec    .         Reflect  .   (no cloak)
rCorr    .         Harm     .   (no gloves)
MR       .....                  (no boots)
Stlth    ..........             (no amulet)
HPRegen  0.47/turn              k - +6 ring of strength
MPRegen  0.10/turn              (no ring)

@: no status effects
A: fangs 2, regeneration 1, magic shield, antimagic bite, no potion heal 3, rot
immunity
a: no special abilities


You were on level 2 of the Dungeon.
You were hungry.

You visited 1 branch of the dungeon, and saw 2 of its levels.

You collected 154 gold pieces.

Inventory:

Missiles
 c - 5 javelins (quivered)
Armour
 g - a +0 helmet (worn)
 h - a +0 chain mail (worn)
Jewellery
 k - a +6 ring of strength (left hand)
Potions
 a - a potion of magic {unknown}
 f - a potion of degeneration {unknown}
 i - 2 potions of ambrosia {unknown}
 j - a potion of brilliance {unknown}
Books
 b - a book of Debilitation

   Spells                             Type                      Level
   a - Corona                         Hexes                        1
   b - Slow                           Hexes                        2
   c - Inner Flame                    Hexes/Fire                   3
   d - Portal Projectile              Hexes/Translocation          3
   e - Cause Fear                     Hexes                        4
   f - Leda's Liquefaction            Hexes/Earth                  4
Comestibles
 l - a ration


   Skills:
 + Level 1.7 Fighting
 - Level 1.7 Throwing
 + Level 1.2 Armour
 + Level 2.1 Dodging
 * Level 2.1 Unarmed Combat
 - Level 1.1 Spellcasting
 - Level 3.0 Hexes


You had 5 spell levels left.
You didn't know any spells.

Dungeon Overview and Level Annotations

Branches:
Dungeon (2/15)

Altars:


Innate Abilities, Weirdness & Mutations

You have extremely sharp teeth.
Your natural rate of healing is unusually fast.
When hurt, damage is shared between your health and your magic reserves.
Your bite disrupts and absorbs the magic of your enemies.
Potions cannot restore your health.
You are immune to rotting.


Message History

Unknown command.
Unknown command.
You hit the gnoll. You bite the gnoll, but do no damage.
The gnoll is lightly wounded.
The gnoll hits you with a whip of electrocution.
The gnoll hits you with a club.
You hit the gnoll but do no damage. You bite the gnoll, but do no damage.
The gnoll hits you but does no damage.
You are electrocuted!
Ouch! That really hurt!
* * * LOW HITPOINT WARNING * * *
The gnoll hits you but does no damage.
Unknown command.
Okay, then.
Unknown command.
As you read the scroll labeled JOSOTO HA FUOR, it crumbles to dust.
It is a scroll of amnesia.
Your memory of Corona unravels.
The gnoll hits you but does no damage.
You are electrocuted!
Ouch! That really hurt!
You die...

########### #.........#
##.#g#####.# ####### #.###@#
#.# #.....# ########.#g###
#.# #.###.##
#(.....<....(###.####.......
#.######..##....#..##.###.##
#.# #..######.#.##.# #.# #g#
#..# #.#.##)# #.## #.# #..#
#.#.##.# #... #g#
#..######.#.##.# ####
##.######...[..........####


You could see 2 gnolls.

Vanquished Creatures
  A gnoll (D:1)
  2 adders (D:2)
  An ooze (D:1)
  2 worms (D:2)
  A dart slug (D:1)
  A leopard gecko (D:2)
  An orc (D:2)
  A ball python (D:2)
  A giant cockroach (D:2)
  6 hobgoblins
  2 kobolds
  A quokka (D:2)
  5 bats
  3 frilled lizards
  3 goblins (D:1)
  4 rats
35 creatures vanquished.

Notes
Turn   | Place    | Note
-------+----------+-------------------------------------------
     0 | D:1      | MDvedh the Vine Stalker Arcane Marksman began the quest for the Orb.
     0 | D:1      | Reached XP level 1. HP: 9/9 MP: 3/3
   285 | D:1      | Reached skill level 1 in Fighting
   748 | D:1      | Reached XP level 2. HP: 11/14 MP: 4/4
   767 | D:1      | Reached skill level 1 in Unarmed Combat
  1672 | D:2      | Reached XP level 3. HP: 16/18 MP: 2/5
  1946 | D:2      | Reached skill level 1 in Armour
  2079 | D:2      | Gained mutation: Your natural rate of healing is unusually fast. [Vine Stalker growth]
  2079 | D:2      | Reached XP level 4. HP: 12/22 MP: 6/6
  2441 | D:2      | Demolished by a gnoll

Skill      XL: |  1  2  3 |
---------------+----------+-----
Fighting       | 1 |  1.7
Unarmed Combat | 1 2 |  2.1
Dodging        | 2 |  2.1
Armour         | 1 |  1.2
Throwing       | |  1.7
Spellcasting   | |  1.1
Hexes          | |  3.0

Action                   |  1- 3 |  4- 6 || total
-------------------------+-------+-------++-------
Melee: Unarmed           |   178 |    38 ||   216
       Bite              |    53 |    16 ||    69
       Punch             |     1 |     1 ||     2
Throw: Throwing net      |     2 |     1 ||     3
  Use: Scroll            |       |     1 ||     1
 Stab: Held in net/web   |     4 |       ||     4
  Eat: Ration            |     1 |       ||     1
       Chunk             |       |     1 ||     1
Armor: Chain mail        |    85 |    15 ||   100
       Robe              |     1 |       ||     1
Dodge: Dodged            |    52 |    12 ||    64
